 Dungeon Crawl Stone Soup version 0.32-a0-738-g1a05c61809 (webtiles) character file.

Game seed: 11541557361085909830

606 Nvm9 the Covert (level 7, -2/46 HPs)
             Began as a Vampire Enchanter on Mar 17, 2024.
             Slain by a gnoll bouda
             ... wielding a +0 whip
              (8 damage)
             ... on level 4 of the Dungeon.
             The game lasted 00:12:26 (3998 turns).

Nvm9 the Covert (Vampire Enchanter)                 Turns: 3998, Time: 00:12:27

Health: -2/46      AC:  8    Str:  7    XL:     7   Next: 19%
Magic:  3/11       EV:  7    Int: 17    God:
Gold:   1172       SH:  0    Dex: 17    Spells: 10/12 levels left

rFire   . . .        o - +0 dagger (vamp)
rCold   . . .        (no shield)
rNeg    + + .        t - +1 scale mail "Lymeda" {rPois rN++ Stlth+}
rPois   +            s - +0 helmet
rElec   .            (no cloak)
rCorr   .            (no gloves)
SInv    +            (no boots)
Will    .....        (no amulet)
Stlth   ++++         (no ring)
HPRegen 0.47/turn    (no ring)
MPRegen 0.12/turn

%: no passive effects
@: weakened, very slightly contaminated, healing quickly, invisible
A: alive, fangs 3, see invisible, vampiric 2
a: Exsanguinate


You were on level 4 of the Dungeon.
You visited 1 branch of the dungeon, and saw 4 of its levels.

You collected 1172 gold pieces.

Inventory:

Hand Weapons
 a - a +1 dagger
 o - a +0 vampiric dagger (weapon)
 v - a +2 flail of protection
Missiles
 r - 5 poisoned darts (quivered)
Armour
 b - a +1 robe
 g - a +0 robe
 p - a +2 chain mail of willpower
 s - a +0 helmet (worn)
 t - the +1 scale mail "Lymeda" (worn) {rPois rN++ Stlth+}
   (You found it on level 4 of the Dungeon)

   rPois:     It protects you from poison.
   rN++:      It greatly protects you from negative energy.
   Stlth+:    It makes you more stealthy.
Talismans
 l - a serpent talisman
Wands
 j - a wand of polymorph (7)
 m - a wand of quicksilver (9)
 n - a wand of mindburst (14)
Scrolls
 f - 3 scrolls of identify
 h - a scroll of enchant armour
 k - 2 scrolls of poison
 u - 2 scrolls of fog
Potions
 d - 2 potions of haste
 e - 3 potions of curing {unknown}
 i - a potion of resistance {unknown}
 q - a potion of heal wounds {unknown}


   Skills:
 + Level 2.9 Short Blades
 * Level 4.3 Dodging
 * Level 8.6 Stealth
 + Level 3.0 Spellcasting
 + Level 5.6 Hexes
 + Level 2.1 Ice Magic


You had 10 spell levels left.
You knew the following spells:

 Your Spells              Type           Power      Damage    Failure   Level
a - Ensorcelled Hibernat  Hex/Ice        30%        N/A       56%         2

Your spell library contained the following spells:

 Spells                   Type           Power      Damage    Failure   Level
 Confusing Touch          Hex            21%        N/A       56%         3
 Tukima's Dance           Hex            21%        N/A       56%         3
 Dazzling Flash           Conj/Hex       24%        N/A       91%         3


Dungeon Overview and Level Annotations

Branches:
Dungeon (4/15)
 Temple: D:4-7

Altars:
Ru
Xom

Shops:
D:3 (   D:4 !


Innate Abilities, Weirdness & Mutations

Your natural rate of healing is accelerated.
You have razor-sharp teeth.
You have supernaturally acute eyesight. (SInv)
You are afflicted with vampirism and can become a bat while bloodless.


Message History

You hit the gnoll bouda but do no damage.
The gnoll bouda is moderately wounded.
The gnoll bouda hits you but does no damage.
You hit the gnoll bouda but do no damage.
The gnoll bouda is moderately wounded.
The gnoll bouda hits you with a +0 whip!
* * * LOW HITPOINT WARNING * * *
You hit the gnoll bouda.
You feel better.
The gnoll bouda is moderately wounded.
The gnoll bouda hits you but does no damage.
You barely miss the gnoll bouda.
The gnoll bouda is moderately wounded.
The gnoll bouda hits you with a +0 whip.
* * * LOW HITPOINT WARNING * * *
You hit the gnoll bouda but do no damage.
You bite the gnoll bouda, but do no damage.
The gnoll bouda is moderately wounded.
The gnoll is no longer moving quickly.
The gnoll bouda hits you with a +0 whip.
* * * LOW HITPOINT WARNING * * *
You closely miss the gnoll bouda.
The gnoll bouda is moderately wounded.
The gnoll bouda hits you but does no damage.
You fade into invisibility!
The gnoll bouda barks out a call to the hunt!
The gnoll picks up the pace!
You hit the gnoll bouda.
The gnoll bouda is moderately wounded.
The gnoll bouda hits you with a +0 whip.
* * * LOW HITPOINT WARNING * * *
You hit the gnoll bouda.
The gnoll bouda is moderately wounded.
You closely miss the gnoll bouda. Your bite misses the gnoll bouda.
The gnoll bouda is moderately wounded.
The gnoll bouda closely misses you.
You hit the gnoll bouda but do no damage.
You bite the gnoll bouda, but do no damage.
The gnoll bouda is moderately wounded.
The gnoll bouda hits you with a +0 whip!
You die...

# #..#####
#.#.# #
#.##
#.#.######
# #.#
#.#......#
####.#
#.####.###
#....# #.#
#.# #....#
#.# #.#
.....# #.#
#.# .#...#
#.# #.#
##...#
#@####.#
##...#
#g#<##.#
######
#g#.##.# #
#g#.##.# #
#.#.##.# #
#.#.##.# #
#.#.##.# #
#.#.##.# #
#.##.#


You could see a gnoll bouda (unable to see you) and 2 gnolls.

Vanquished Creatures
  Edmund (D:4)
  A black bear (D:4)
  A centaur (D:4)
  A hound (D:3)
  An orc priest (D:3)
  An iguana (D:4)
  An orc wizard (D:4)
  Ijyb (D:3)
  Robin (D:4)
  A gnoll (D:4)
  5 adders
  2 dart slugs
  5 ribbon worms (D:2)
  5 orcs
  9 endoplasms
  6 giant cockroaches
  20 goblins
  11 hobgoblins
  5 jackals
  5 quokkas
  7 ball pythons
  4 bats
  7 frilled lizards
  5 kobolds
  4 rats
110 creatures vanquished.

Notes
Turn   | Place    | Note
-------+----------+-------------------------------------------
     0 | D:1      | Nvm9 the Vampire Enchanter began the quest for the Orb.
     0 | D:1      | Reached XP level 1. HP: 13/13 MP: 3/3
    73 | D:1      | Reached XP level 2. HP: 19/19 MP: 5/5
   143 | D:1      | Reached skill level 5 in Stealth
   346 | D:1      | Gained mutation: You are afflicted with vampirism and can
                  | become a bat while bloodless. [Vampire growth]
   346 | D:1      | Reached XP level 3. HP: 14/24 MP: 6/6
   511 | D:2      | Learned a level 2 spell: Ensorcelled Hibernation
   516 | D:2      | Reached skill level 6 in Stealth
   884 | D:2      | Found a sacrificial altar of Ru.
   998 | D:2      | Reached XP level 4. HP: 27/30 MP: 0/7
  1739 | D:3      | Found a shimmering altar of Xom.
  1741 | D:3      | Reached skill level 7 in Stealth
  1775 | D:3      | Found a shimmering altar of Xom.
  1994 | D:3      | Found Hod Buossiac's Antique Weapon Emporium.
  2003 | D:3      | Reached skill level 1 in Ice Magic
  2003 | D:3      | Reached XP level 5. HP: 35/35 MP: 5/8
  2727 | D:3      | Noticed Ijyb
  2738 | D:3      | Killed Ijyb
  2739 | D:3      | Reached skill level 5 in Hexes
  3039 | D:4      | Reached XP level 6. HP: 39/41 MP: 6/9
  3200 | D:4      | Found Xywaathra's Distillery.
  3254 | D:4      | Identified a scroll of acquirement
  3254 | D:4      | Acquired 1030 gold pieces
  3275 | D:4      | Noticed Robin
  3291 | D:4      | Reached skill level 8 in Stealth
  3346 | D:4      | Killed Robin
  3507 | D:4      | Identified the +1 scale mail "Lymeda" {rPois rN++ Stlth+}
  3697 | D:4      | Noticed Edmund
  3720 | D:4      | Killed Edmund
  3721 | D:4      | Reached XP level 7. HP: 23/46 MP: 11/11
  3998 | D:4      | Slain by a gnoll bouda

Illustrated notes

Levels and vault maps discovered:
D:1:      orjb1_lava_funnel, layout_basic, minmay_tripent
D:2:      minmay_chambers_of_ones, layout_basic, serial_rivers,
          chequers_serial_rivers_small_3, chequers_serial_rivers_room_a,
          chequers_serial_rivers_micro_c, chequers_serial_rivers_small_b,
          basic_altar
D:3:      kennysheep_goblin_castle, layout_loops_cross, xom_redecorated,
          serial_shops, shop
D:4:      layout_basic, serial_shops, shop, uniq_robin, uniq_edmund

Skill      XL: |  1  2  3  4  5  6 |
---------------+-------------------+-----
Stealth        | 5 6 7 8 |  8.6
Ice Magic      | 1 2 |  2.1
Dodging        | 3 4 |  4.3
Short Blades   | 2 |  2.9
Hexes          | 5 |  5.6
Spellcasting   | 3 |  3.0

Action                     |  1- 3 |  4- 6 |  7- 9 || total
---------------------------+-------+-------+-------++-------
  Melee: Dagger            |   113 |   225 |    31 ||   369
         Bite              |    10 |    20 |     4 ||    34
   Cast: Ensorcelled Hiber |     9 |    24 |       ||    33
    Use: Potion            |     1 |     2 |     1 ||     4
         Scroll            |       |     8 |       ||     8
   Stab: Sleeping          |    17 |    26 |     1 ||    44
         Invisible         |     3 |     1 |       ||     4
         Distracted        |       |     1 |       ||     1
 Armour: Robe              |    63 |   123 |       ||   186
         Scale mail        |       |    11 |    20 ||    31
  Dodge: Dodged            |    75 |   131 |     9 ||   215

Table legend: (Time is in decaauts)
 A = Elapsed time spent in this place.
 B = Non-inter-level travel time spent in this place.
 C = Inter-level travel time spent in this place.
 D = Time resting spent in this place.
 E = Time spent auto-exploring this place.
 F = Levels seen in this place.
 G = Mean time per level.
                   A        B        C        D        E       F      G
               +--------+--------+--------+--------+--------+-----+--------+
         Total |   3965 |   3867 |     98 |    691 |   2202 |   4 |  991.2 |
       Dungeon |   3965 |   3867 |     98 |    691 |   2202 |   4 |  991.2 |
               +--------+--------+--------+--------+--------+-----+--------+

Top non-repeatable levels by time:
     D:2: 1242 daAuts
     D:3: 1158 daAuts
     D:4: 1083 daAuts
     D:1: 482 daAuts
